 Dungeon Crawl Stone Soup version 0.29.1 (webtiles) character file.

Game seed: 6184244952242617160

144 mtoz the Stinger (level 4, -4/33 HPs)
             Began as a Demigod Wanderer on Sept 14, 2022.
             Killed from afar by Ijyb (17 damage)
             ... with a bolt of light
             ... on level 3 of the Dungeon.
             The game lasted 00:12:25 (3489 turns).

mtoz the Stinger (Demigod Wanderer)                 Turns: 3489, Time: 00:12:25

Health: -4/33      AC:  7    Str: 19    XL:     4   Next: 76%
Magic:  9/9        EV: 11    Int: 13    God:
Gold:   88         SH:  0    Dex: 12    Spells: 5/6 levels left

rFire   . . .      SeeInvis .   a - +0 mace
rCold   . . .      Faith    .   (no shield)
rNeg    . . .      Spirit   .   i - +0 ring mail
rPois   .          Reflect  .   f - +0 helmet
rElec   .          Harm     .   (no cloak)
rCorr   .          Rampage  .   (no gloves)
Will    .....                   b - +0 pair of boots
Stlth   ..........              (no amulet)
HPRegen 0.11/turn               (no ring)
MPRegen 0.11/turn               (no ring)

@: confused
A: high MP 1, forlorn, divine attributes
a: no special abilities


You were on level 3 of the Dungeon.
You visited 1 branch of the dungeon, and saw 3 of its levels.

You collected 168 gold pieces.
You spent 80 gold pieces at shops.

Inventory:

Hand Weapons
 a - a +0 mace (weapon)
 c - a +0 spear
Missiles
 k - 2 boomerangs (quivered)
 q - 10 stones
Armour
 b - a +0 pair of boots (worn)
 d - a +0 leather armour
 f - a +0 helmet (worn)
 i - a +0 ring mail (worn)
 l - a +0 leather armour of positive energy
Scrolls
 e - 2 scrolls of noise
 g - a scroll of magic mapping {unknown}
 h - 2 scrolls of identify
 n - a scroll of fog
 p - a scroll of blinking
 r - a scroll of torment {unknown}
Potions
 j - a potion of curing
 m - a potion of resistance
 o - a potion of brilliance


   Skills:
 + Level 1.9 Maces & Flails
 + Level 2.0 Throwing
 + Level 1.8 Armour
 + Level 2.4 Dodging
 + Level 1.7 Stealth
 + Level 1.7 Spellcasting
 + Level 3.1 Poison Magic


You had 5 spell levels left.
You knew the following spells:

 Your Spells              Type           Power      Damage    Failure   Level
a - Sting                 Tmut/Pois      20%        1d4       24%         1

Your spell library contained the following spells:

 Spells                   Type           Power      Damage    Failure   Level
 Apportation              Tloc           2%         N/A       41%         1
 Magic Dart               Conj           4%         1d3       41%         1
 Searing Ray              Conj           2%         2d4       56%         2
 Olgreb's Toxic Radiance  Pois           9%         N/A       77%         4
 Corpse Rot               Necr/Pois/Air  3%         N/A       96%         4
 Fulminant Prism          Conj/Hex       0%         3d6       99%         4
 Alistair's Intoxication  Tmut/Pois      3%         N/A       100%        5


Dungeon Overview and Level Annotations

Branches:
Dungeon (3/15)

Shops:
D:2 ?

Annotations:
D:3 Ijyb


Innate Abilities, Weirdness & Mutations

You have an increased reservoir of magic. (+10% MP)
You shall have no god before yourself.
Your divine heritage dramatically boosts your attributes as you level up.


Message History

Press: ? - help, Q - select action, (/) - cycle Shift-Dir - straight line, f/p - Ijyb
Aim: Ijyb, wielding a +0 club, wearing a +0 scale mail and carrying a wand of light (5) (lightly wounded, 53% to hit)
You throw a boomerang. The boomerang hits Ijyb.
Ijyb is lightly wounded.
The jackal bites you. The jackal misses you.
The jackal bites you but does no damage. x2
The jackal closely misses you. x2
Throw: 3 boomerangs
Press: ? - help, Q - select action, (/) - cycle Shift-Dir - straight line, f/p - Ijyb
Aim: Ijyb, wielding a +0 club, wearing a +0 scale mail and carrying a wand of light (5) (lightly wounded, 53% to hit)
You throw a boomerang.
The boomerang hits Ijyb but does no damage.
Ijyb is lightly wounded.
The jackal bites you but does no damage. x4
The jackal bites you.
Throw: 3 boomerangs
Press: ? - help, Q - select action, (/) - cycle Shift-Dir - straight line, f/p - Ijyb
Aim: Ijyb, wielding a +0 club, wearing a +0 scale mail and carrying a wand of light (5) (lightly wounded, 53% to hit)
You throw a boomerang. The boomerang hits Ijyb!
Ijyb is heavily wounded.
The jackal completely misses you. The jackal barely misses you.
The jackal bites you but does no damage.
The jackal closely misses you.
Ijyb zaps a wand.
The bolt of light hits you!
Throw: 3 boomerangs
Press: ? - help, Q - select action, (/) - cycle Shift-Dir - straight line, f/p - Ijyb
Aim: Ijyb, wielding a +0 club, wearing a +0 scale mail and carrying a wand of light (4) (heavily wounded, 53% to hit)
You throw a boomerang. The boomerang hits Ijyb.
Ijyb is heavily wounded.
The jackal completely misses you. The jackal closely misses you.
The jackal bites you but does no damage.
The jackal closely misses you. The jackal barely misses you.
The jackal bites you but does no damage.
You hit Ijyb.
Ijyb is severely wounded.
The jackal misses you. The jackal barely misses you.
The jackal bites you but does no damage. x3
Ijyb zaps a wand.
The bolt of light hits you!
You are confused.
Ouch! That really hurt!
You die...

# #g# # #.# ##### #h# †...# .#
#.# ....########.# #h#
.............########## #h#
....#.####............# #.#
....#.# #.####h..###.######.####
#####.####)# #.@g...............
...........####h.h###############
#####............##
##############


You could see Ijyb and 3 jackals.

Vanquished Creatures
  Terence (D:2)
  Robin (D:2)
  2 adders
  2 worms
  3 dart slugs
  4 ball pythons
  9 endoplasms
  3 giant cockroaches
  11 goblins
  11 hobgoblins
  4 jackals
  3 bats
  4 frilled lizards
  10 kobolds
  4 rats
72 creatures vanquished.

Notes
Turn   | Place    | Note
-------+----------+-------------------------------------------
     0 | D:1      | mtoz the Demigod Wanderer began the quest for the Orb.
     0 | D:1      | mtoz set off with the following items: a +0 mace, a +0 pair
                  | of boots, a potion of berserk rage, a +0 leather armour;
                  | and the following spell memorised: Sting; and the following
                  | spells available to memorise: Olgreb's Toxic Radiance,
                  | Corpse Rot.
     0 | D:1      | Reached XP level 1. HP: 14/14 MP: 4/4
   330 | D:1      | Reached XP level 2. HP: 13/20 MP: 6/6
  1077 | D:1      | Reached XP level 3. HP: 26/26 MP: 7/7
  2217 | D:2      | Noticed Robin
  2243 | D:2      | Killed Robin
  2244 | D:2      | Reached skill level 3 in Poison Magic
  2244 | D:2      | Reached XP level 4. HP: 18/33 MP: 8/8
  2419 | D:2      | Noticed Terence
  2435 | D:2      | Killed Terence
  2743 | D:2      | Found Popsoeru's Magic Scroll Shoppe.
  2753 | D:2      | Bought a scroll of identify for 20 gold pieces
  2753 | D:2      | Bought a scroll of identify for 20 gold pieces
  2753 | D:2      | Bought a scroll of identify for 20 gold pieces
  2753 | D:2      | Bought a scroll of identify for 20 gold pieces
  3258 | D:3      | Noticed Ijyb
  3489 | D:3      | Killed from afar by Ijyb

Illustrated notes

Levels and vault maps discovered:
D:1:      zelgadis_glass_arrival_small, layout_loops_ring,
          hellmonk_ecumenical_altar_prayer_group
D:2:      layout_rooms, serial_shops, nicolae_shop_stone,
          minmay_tree_intersection, uniq_robin, uniq_terence
D:3:      layout_loops_ring, uniq_ijyb

Skill      XL: |  1  2  3  4 |
---------------+-------------+-----
Dodging        | 2 |  2.4
Poison Magic   | 3 |  3.1
Throwing       | 2 |  2.0
Maces & Flails | |  1.9
Armour         | |  1.8
Stealth        | |  1.7
Spellcasting   | |  1.7

Action                   |  1- 3 |  4- 6 || total
-------------------------+-------+-------++-------
Melee: Mace              |   174 |    70 ||   244
       Punch             |     3 |     1 ||     4
Throw: Stone             |    20 |    15 ||    35
       Boomerang         |       |     5 ||     5
 Cast: Sting             |     1 |     1 ||     2
  Use: Potion            |     1 |       ||     1
       Scroll            |       |     6 ||     6
 Stab: Sleeping          |     1 |     1 ||     2
Armor: Leather armour    |    12 |       ||    12
       Ring mail         |   111 |    53 ||   164
Dodge: Dodged            |   178 |    55 ||   233
